 Dungeon Crawl Stone Soup version 0.20.0 (webtiles) character file.

2111 Llamajah the Blocker (level 9, -1/68 HPs)
             Began as a Formicid Fighter on July 24, 2017.
             Slain by an orc warrior
             ... wielding a +0 dire flail
              (17 damage)
             ... on level 5 of the Dungeon.
             The game lasted 00:12:56 (4671 turns).

Llamajah the Blocker (Formicid Fighter)             Turns: 4671, Time: 00:12:57

Health: -1/68      AC: 15    Str: 25    XL:     9   Next: 53%
Magic:  9/9        EV:  9    Int:  7    God:
Gold:   241        SH: 11    Dex: 10    Spells: 8/8 levels left

rFire    . . .     SeeInvis +   a - +0 war axe
rCold    . . .     Gourm    .   c - +0 shield
rNeg     . . .     Faith    .   t - +0 plate armour
rPois    .         Spirit   .   (helmet unavailable)
rElec    .         Reflect  .   (no cloak)
rCorr    .         Harm     .   q - +0 pair of gloves
MR       .....                  n - +0 pair of boots
Stlth    ..........             (no amulet)
Regen    0.3/turn               z - ring of flight
MPRegen  0.2/turn               (no ring)

@: no status effects
A: permanent stasis, dig shafts and tunnels, four strong arms, antennae 3
a: Dig, Shaft Self, Evoke Flight


You were on level 5 of the Dungeon.
You were very hungry.

You visited 1 branch of the dungeon, and saw 6 of its levels.

You collected 241 gold pieces.

Inventory:

Hand Weapons
 a - a +0 war axe (weapon)
Missiles
 o - 106 sling bullets
Armour
 c - a +0 shield (worn)
 n - a +0 pair of boots (worn)
 q - a +0 pair of gloves (worn)
 t - a +0 plate armour (worn)
Jewellery
 z - a ring of flight (left hand)
Wands
 y - a wand of scattershot (5/9)
 B - a wand of disintegration (18/24)
Scrolls
 d - 3 scrolls of immolation {unknown}
 g - 4 scrolls of remove curse {unknown}
 h - a scroll of fear {unknown}
 i - 6 scrolls of amnesia {unknown}
 j - 2 scrolls of noise {unknown}
 l - 5 scrolls of teleportation {unknown}
 p - 3 scrolls of identify {unknown}
 v - a scroll of random uselessness {unknown}
 w - a scroll of recharging {unknown}
Potions
 b - a potion of mutation {unknown}
 e - a potion of invisibility {unknown}
 k - a potion of heal wounds
 s - a potion of lignification {unknown}
 u - a potion of haste {unknown}
 A - a potion of cancellation {unknown}
 C - a potion of degeneration {unknown}
Comestibles
 f - 4 bread rations
 m - a royal jelly
 r - a meat ration


   Skills:
 + Level 5.5 Fighting
 + Level 4.4 Axes
 * Level 7.3 Armour
 * Level 5.4 Dodging
 * Level 8.1 Shields


You had 8 spell levels left.
You didn't know any spells.

Dungeon Overview and Level Annotations

Branches:
Dungeon (6/15)
 Temple: D:4-7

Altars:
Yredelemnul

Shops:
D:5 *


Innate Abilities, Weirdness & Mutations

You cannot be hasted, slowed, berserked, paralysed or teleported.
You can dig through walls and to a lower floor.
Your four strong arms can wield two-handed weapons with a shield.
You have a pair of large antennae on your head. (SInv)


Message History

The orc warrior closely misses you.
Your plate armour prevents you from hitting the orc warrior.
The orc warrior is severely wounded.
You block the orc warrior's attack.
You hit the orc warrior.
The orc warrior is severely wounded.
You block the orc warrior's attack.
You hit the orc warrior but do no damage.
The orc warrior is severely wounded.
The orc warrior hits you with a dire flail!
* * * LOW HITPOINT WARNING * * *
Your plate armour prevents you from hitting the orc warrior.
The orc warrior is severely wounded.
The orc warrior hits you with a dire flail.
* * * LOW HITPOINT WARNING * * *
You barely miss the orc warrior.
The orc warrior is severely wounded.
You block the orc warrior's attack.
The orc warrior hits you with a dire flail!
You die...

##'##...._...#....
###..##...P.P..#....
#.....#........##...
#.....#........##...
#.....#.........#)).
######'##...##....#.).
#>.....##...##....#...
##....†...........#...
#...@o...........#...
##########................#...
####.........................#...
.............................#...
....#######..#######...#######...
..###.....##.##...##...####.##...
.##...≈≈≈.[#.#...........#.......
.....≈≈≈≈≈.#.#...........'<......
.##...≈≈≈..#.#...........#.......


You could see an orc warrior.

Vanquished Creatures
  The ghost of Zerd the Thaumaturge, an amateur DEWz (D:3)
  2 ice beasts
  A black bear (D:5)
  3 sky beasts
  2 phantoms (D:4)
  3 ogres
  A centaur (D:6)
  A scorpion (D:5)
  A bullfrog zombie (D:5)
  2 crimson imps (D:5)
  5 hounds
  5 orc priests
  A bullfrog skeleton (D:5)
  4 orc wizards
  3 worker ants
  Natasha (thrice) (D:3)
  A hound zombie (D:5)
  7 adders
  A shadow imp (D:5)
  A white imp (D:5)
  4 adder zombies
  3 worms
  3 dart slugs
  3 leopard geckos
  17 orcs
  A ball python (D:2)
  9 giant cockroaches
  7 goblins
  3 hobgoblins
  8 jackals
  5 quokkas
  5 bats
  3 frilled lizards
  5 kobolds (D:1)
  2 leopard gecko skeletons
  A quokka skeleton (D:4)
  8 rats
  2 bushes (D:2)
  3 plants (D:2)
140 creatures vanquished.

Vanquished Creatures (others)
  An orc (D:3)
  4 toadstools (D:1)
5 creatures vanquished.

Grand Total: 145 creatures vanquished

Notes
Turn   | Place    | Note
-------+----------+-------------------------------------------
     0 | D:1      | Llamajah the Formicid Fighter began the quest for the Orb.
     0 | D:1      | Reached XP level 1. HP: 18/18 MP: 1/1
   282 | D:1      | Reached XP level 2. HP: 17/24 MP: 2/2
   510 | D:1      | Reached skill level 1 in Dodging
   745 | D:1      | Reached XP level 3. HP: 29/29 MP: 3/3
  1147 | D:2      | Reached skill level 4 in Shields
  1159 | D:2      | Reached XP level 4. HP: 35/35 MP: 4/4
  1675 | D:3      | Noticed Zerd's ghost (amateur DEWz)
  1700 | D:2      | Reached XP level 5. HP: 14/41 MP: 5/5
  1994 | D:3      | Killed Zerd's ghost
  1994 | D:3      | Reached XP level 6. HP: 42/48 MP: 6/6
  2044 | D:3      | Noticed Natasha
  2059 | D:3      | Killed Natasha
  2059 | D:3      | Reached skill level 5 in Shields
  2166 | D:3      | Noticed Natasha
  2179 | D:3      | Killed Natasha
  2216 | D:3      | Noticed an ice beast
  2224 | D:3      | Killed an ice beast
  2224 | D:3      | Reached skill level 5 in Armour
  2224 | D:3      | Reached XP level 7. HP: 54/54 MP: 7/7
  2312 | D:3      | You fall through a shaft for 3 floors!
  2474 | D:5      | Entered Level 5 of the Dungeon
  2730 | D:5      | Found Poigg's Assorted Antiques.
  2879 | D:5      | Reached skill level 6 in Shields
  2879 | D:5      | Reached XP level 8. HP: 43/61 MP: 8/8
  2937 | D:5      | Found a basalt altar of Yredelemnul.
  3388 | D:5      | Reached skill level 5 in Fighting
  3388 | D:5      | Reached skill level 7 in Shields
  3597 | D:4      | Reached XP level 9. HP: 48/68 MP: 9/9
  3807 | D:3      | Noticed Natasha
  3825 | D:3      | Killed Natasha
  3992 | D:4      | Reached skill level 5 in Dodging
  4424 | D:5      | Reached skill level 8 in Shields
  4671 | D:5      | Slain by an orc warrior

Skill      XL: |  1  2  3  4  5  6  7  8  9 |
---------------+----------------------------+-----
Dodging        | 1 2 3 4 5 |  5.4
Shields        | 4 5 6 7 8 |  8.1
Armour         | 4 5 6 7 |  7.3
Fighting       | 4 5 |  5.5
Axes           | 3 4 |  4.4

Action                   |  1- 3 |  4- 6 |  7- 9 || total
-------------------------+-------+-------+-------++-------
Melee: War axe           |   109 |   245 |   353 ||   707
  Use: Potion            |       |     1 |     6 ||     7
  Eat: Chunk             |     1 |     4 |     8 ||    13
Armor: Scale mail        |    15 |       |       ||    15
       Plate armour      |    69 |   125 |   225 ||   419
Dodge: Dodged            |    31 |    41 |   132 ||   204
Block: Shield            |    90 |    99 |   230 ||   419
